 Dungeon Crawl Stone Soup version 0.31-a0-920-g28cbb04a8c (webtiles) character file.

Game seed: 15685428831761226681

18 Xavori the Cutter (level 2, -7/21 HPs)
             Began as an Octopode Chaos Knight on Oct 17, 2023.
             Was a Plaything of Xom.
             Mangled by a kobold
             ... wielding a +2 dagger of electrocution
              (8 damage)
             ... on level 1 of the Dungeon.
             The game lasted 00:00:12 (130 turns).

Xavori the Cutter (Octopode Chaos Knight)            Turns: 130, Time: 00:00:13

Health: -7/21      AC:  1    Str: 11    XL:     2   Next: 66%
Magic:  2/2        EV: 13    Int: 14    God:    Xom [*.....]
Gold:   35         SH:  0    Dex: 11    Spells: 1/1 levels left

rFire   . . .        a - +0 short sword (chaos)
rCold   . . .        (no shield)
rNeg    . . .        (helmet restricted)
rPois   .            (no amulet)
rElec   .            (no ring)
rCorr   .            (no ring)
SInv    .            (no ring)
Will    .....        (no ring)
Stlth   ++           (no ring)
HPRegen 0.23/turn    (no ring)
MPRegen 0.08/turn    (no ring)
                     (no ring)

%: no passive effects
@: no status effects
A: almost no armour, amphibious, 8 rings, camouflage 1, gelatinous body 1,
(nimble swimmer 1), tentacles
a: Renounce Religion


You were on level 1 of the Dungeon.
You worshipped Xom.
You were a special plaything of Xom.
You visited 1 branch of the dungeon, and saw 1 of its levels.

You collected 35 gold pieces.

Inventory:

Hand Weapons
 a - a +0 short sword of chaos (weapon)
Scrolls
 b - a scroll of butterflies
 c - a scroll of vulnerability {unknown}


   Skills:
 + Level 3.3 Fighting
 + Level 3.3 Short Blades
 + Level 2.7 Dodging


You had one spell level left.
You didn't know any spells.
Your spell library contained the following spells:

 Spells                   Type           Power      Damage    Failure   Level
 Foxfire                  Conj/Fire      0%         2x1d4     28%         1
 Sandblast                Erth           0%         2d4       28%         1
 Passwall                 Tmut/Erth      0%         N/A       41%         2
 Stone Arrow              Conj/Erth      0%         3d7       65%         3
 Brom's Barrelling Bould  Conj/Erth      0%         2d3       96%         4
 Plasma Beam              Fire/Air       0%         2x1d10    100%        6
 Starburst                Conj/Fire      0%         6d3       100%        6


Dungeon Overview and Level Annotations

Branches:
Dungeon (1/15)

Altars:


Innate Abilities, Weirdness & Mutations

You cannot wear most types of armour.
You are amphibious.
You can wear up to eight rings at the same time.
Your skin changes colour to match your surroundings (Stealth+).
Your rubbery body absorbs attacks. (AC +1, EV +1)
((You are camouflaged when in or above water. (Stealth+)))
You have tentacles for arms and can constrict up to eight enemies at once.


Message History

A kobold comes into view.
It is wielding a +2 dagger of electrocution.
The gnoll completely misses you.
There are monsters nearby!
There are monsters nearby!
You completely miss the gnoll.
The kobold shouts!
You grab the gnoll.
You squeeze the gnoll, but do no damage.
You constrict the gnoll, but do no damage.
A kobold comes into view. It is wielding a +0 short sword.
The gnoll barely misses you.
You hit the gnoll. You drain the gnoll.
The gnoll is severely wounded.
You constrict the gnoll. The gnoll barely misses you.
Unknown command.
You hit the gnoll.
The gnoll is almost dead.
You constrict the gnoll, but do no damage.
The gnoll closely misses you.
Unknown command.
You hit the gnoll.
You kill the gnoll!
Unknown command.
The kobold hits you with a +2 dagger of electrocution.
You are electrocuted!
Ouch! That really hurt!
* * * LOW HITPOINT WARNING * * *
A shower of butterflies erupts from you!
The kobold closely misses your butterfly.
You see here a +0 club.
You are too injured to fight recklessly!
Unknown command.
You are too injured to fight recklessly!
Unknown command.
You are too injured to fight recklessly!
You barely miss the kobold. Your grab misses the kobold.
The kobold hits you with a +2 dagger of electrocution.
* * * LOW HITPOINT WARNING * * *
You are electrocuted!
You die...

...8....#
#.........##.....)....
..♣.....#
#........†##..........
........#
#.........#....###....
........#
#............... ....#
........#
#...?.....#...... ...
#..b..b.........##
#................
#####.####..# #b@# .##
#..b#KK.# #..b## .###
#..## .. #. ..# . .##
.. ##


You could see 2 kobolds.

Vanquished Creatures
  A gnoll (D:1)
  A dart slug (D:1)
  2 ball pythons (D:1)
  A giant cockroach (D:1)
  A hobgoblin (D:1)
  A rat (D:1)
7 creatures vanquished.

Notes
Turn   | Place    | Note
-------+----------+-------------------------------------------
     0 | D:1      | Xavori the Octopode Chaos Knight began the quest for the
                  | Orb.
     0 | D:1      | Reached XP level 1. HP: 16/16 MP: 1/1
    50 | D:1      | XOM: potion effect (curing)
   102 | D:1      | XOM: silly message
   107 | D:1      | Reached XP level 2. HP: 21/21 MP: 2/2
   129 | D:1      | XOM: butterfly on damage
   130 | D:1      | HP: 1/21 [kobold/+2 dagger of electrocution (1)]
   130 | D:1      | Mangled by a kobold

Illustrated notes

Levels and vault maps discovered:
D:1:      wander_arrival_peaceful_grave, layout_rooms, nrook_uturn

Action                     || total
---------------------------++-------
  Melee: Short sword       ||    21
         Tentacles         ||     5
         Constrict         ||     4
   Stab: Petrifying        ||     1
         Sleeping          ||     1
 Armour: Skin              ||     5
  Dodge: Dodged            ||    13

Table legend: (Time is in decaauts)
 A = Elapsed time spent in this place.
 B = Non-inter-level travel time spent in this place.
 C = Inter-level travel time spent in this place.
 D = Time resting spent in this place.
 E = Time spent auto-exploring this place.
 F = Levels seen in this place.
 G = Mean time per level.
                   A        B        C        D        E       F      G
               +--------+--------+--------+--------+--------+-----+--------+
         Total |    126 |    126 |      0 |      0 |     82 |   1 |  126.0 |
       Dungeon |    126 |    126 |      0 |      0 |     82 |   1 |  126.0 |
               +--------+--------+--------+--------+--------+-----+--------+

Top non-repeatable levels by time:
     D:1: 126 daAuts
